 Dungeon Crawl Stone Soup version 0.17.0-27-g4a3f43e (console) character file.

269 gw the Cutter (level 6, -3/32 HPs)
             Began as a Vine Stalker Gladiator on Nov 21, 2015.
             Was a Follower of Dithmenos.
             Slain by gw's ghost (5 damage)
             ... on level 4 of the Dungeon.
             The game lasted 00:03:12 (3029 turns).

gw the Cutter (Vine Stalker Gladiator)              Turns: 3029, Time: 00:03:12

Health: -3/32      AC:  6    Str: 18    XL:     6   Next: 22%
Magic:  0/7        EV: 12    Int:  8    God:    Dithmenos [*.....]
Gold:   90         SH:  0    Dex: 16    Spells: 0 memorised, 5 levels left

rFire  . . .     SeeInvis .     a - +0 rapier
rCold  . . .     Clarity  .     k - +0 ring mail
rNeg   . . .     SustAt   .     (no shield)
rPois  +         Gourm    .     c - +0 helmet
rElec  .         Spirit   +     (no cloak)
rCorr  .         Warding  .     (no gloves)
rMut   .         Rnd*Tele +     (no boots)
MR     .....                    m - amulet of faith
Stlth  ++........               (no ring)
                                (no ring)

@: about to teleport, wreathed by umbra, not resistant to hostile enchantments,
unstealthy
A: fangs 3, poison resistance, regeneration 2, teleportitis 1, magic shield,
antimagic bite, no device heal 3, rot immunity
a: Renounce Religion


You were on level 4 of the Dungeon.
You worshipped Dithmenos.
Dithmenos was aware of your devotion.
You were not hungry.

You visited 1 branch of the dungeon, and saw 4 of its levels.

You collected 90 gold pieces.

Inventory:

Hand Weapons
 a - a +0 rapier (weapon)
Missiles
 d - 3 throwing nets
 f - 163 stones (quivered)
 n - 47 poisoned needles
Armour
 c - a +0 helmet (worn)
 k - a +0 ring mail (worn)
Jewellery
 m - an amulet of faith (around neck)
Scrolls
 j - 4 scrolls of identify
 s - 2 scrolls of remove curse
Potions
 l - a potion of curing
Comestibles
 e - a bread ration
 g - 2 fruits
 h - 4 meat rations
 i - a beef jerky
 p - 2 slices of pizza


   Skills:
 + Level 2.8 Fighting
 * Level 3.9 Short Blades
 + Level 2.6 Throwing
 + Level 3.0 Dodging
 * Level 3.2 Stealth
 + Level 1.2 Invocations


You had 5 spell levels left.
You didn't know any spells.

Dungeon Overview and Level Annotations

Branches:
Dungeon (4/15)
 Temple: D:4-7

Altars:
Cheibriados
Dithmenos
Elyvilon
Kikubaaqudgha
Nemelex Xobeh
Okawaru
Vehumet
The Shining One

Annotations:
D:4 gw's ghost, amateur FeMo


Innate Abilities, Weirdness & Mutations

You have razor-sharp teeth.
You heal very quickly.
When hurt, damage is shared between your health and your magic reserves.
Your bite disrupts and absorbs the magic of your enemies.
Potions and wands cannot restore your health.
You are immune to rotting.
Your system is resistant to poisons.
You are occasionally teleported to nearby monsters.


Message History

Gw's ghost is heavily damaged.
Gw's ghost closely misses you.
ATTACKING (0,1)
You closely miss gw's ghost. Your bite misses gw's ghost.
Gw's ghost is heavily damaged.
Gw's ghost hits you but does no damage.
ATTACKING (0,1)
You miss gw's ghost. Your bite misses gw's ghost.
Gw's ghost is heavily damaged.
Gw's ghost says, "I died poor and in vain, but not as a freak."
Gw's ghost hits you!
ATTACKING (0,1)
You hit gw's ghost.
Gw's ghost is severely damaged.
Gw's ghost flexes its fingers.
Gw's ghost hits you!
Read which item? (? for menu, Esc to quit)
As you read the scroll of teleportation, it crumbles to dust.
You feel strangely unstable. Gw's ghost hits you.
You die...

.# #..#####.##
###>#######..####...####
#..(...................#
#.#.#####.##%####...##.#
#.#.# #... #%# ##.###.#
#.#.###$# #.# ...#....#
#W#.#.#.####.##.##.###.#
######l...#..#....<.......#.#
.........###.f.#...#.#.##.#.#
######.(..#..W.#.....# #.#.##
#..#.#.<(####......##h#...
#.....###...#.>.....##.#.##
........ ....#.###........#
###.....##..#... .#.......#
...........##### #...##.#.#
###.....>.## #.....###.
####.# #...## #


You could see gw's ghost.

Table legend:
 A = Turns spent in this place as a percentage of turns spent in the entire game.
 B = Non-inter-level travel turns spent in this place as a percentage of non-inter-level travel turns spent in the entire game.
 C = Inter-level travel turns spent in this place as a percentage of turns spent in this place.
 D = Turns resting spent in this place as a percentage of non-inter-level travel turns spent in this place.
 E = Turns spent auto-exploring this place as a percentage of non-inter-level travel turns spent in this place.
 F = Non-inter-level travel turns spent in this place divided by the number of levels of this place that you've seen.
                   A       B       C       D       E      F
               +-------+-------+-------+-------+-------+----------------------
         Total | 100.0 | 100.0 |   0.5 |   0.5 |   2.2 | 1527.0
       Dungeon | 100.0 | 100.0 |   0.5 |   0.5 |   2.2 | 1527.0
               +-------+-------+-------+-------+-------+----------------------

Table legend:
 A = Kills in this place as a percentage of kills in entire the game.
 B = Kills by you in this place as a percentage of kills by you in the entire game.
 C = Kills by friends in this place as a percentage of kills by friends in the entire game.
 D = Other kills in this place as a percentage of other kills in the entire game.
 E = Experience gained in this place as a percentage of experience gained in the entire game.
 F = Experience gained in this place divided by the number of levels of this place that you have seen.
                   A       B       C       D       E      F
               +-------+-------+-------+-------+-------+----------------------
         Total | 100.0 | 100.0 |  -nan |  -nan | 100.0 |  96.2
       Dungeon | 100.0 | 100.0 |  -nan |  -nan | 100.0 |  96.2
               +-------+-------+-------+-------+-------+----------------------

Vanquished Creatures
  The ghost of gw the Ducker, an amateur FeAr of Trog (D:3)
  A scorpion (D:4)
  Ijyb (D:3)
  4 adders
  3 oozes
  3 worms
  9 orcs
  2 giant cockroaches
  4 goblins
  3 hobgoblins
  5 jackals
  9 kobolds
  9 bats
  3 giant geckos
  6 giant newts
  A jackal skeleton (D:4)
  13 rats
77 creatures vanquished.

Notes
Turn   | Place    | Note
--------------------------------------------------------------
     0 | D:1      | gw the Vine Stalker Gladiator began the quest for the Orb.
     0 | D:1      | Reached XP level 1. HP: 11/11 MP: 2/2
    60 | D:1      | Reached XP level 2. HP: 15/15 MP: 3/3
   457 | D:2      | Reached skill level 3 in Short Blades
   457 | D:2      | Reached XP level 3. HP: 16/18 MP: 4/4
   609 | D:2      | Found a faded altar to an unknown god.
   718 | D:2      | Found a shadowy altar of Dithmenos.
   773 | D:2      | Became a worshipper of Dithmenos the Shadowed
   948 | D:2      | Reached XP level 4. HP: 23/23 MP: 5/5
  1009 | D:2      | Reached skill level 1 in Stealth
  1258 | D:2      | Found an ancient bone altar of Kikubaaqudgha.
  1436 | D:2      | Found a sparkling altar of Nemelex Xobeh.
  1436 | D:2      | Found a snail-covered altar of Cheibriados.
  1440 | D:2      | Found a radiant altar of Vehumet.
  1511 | D:2      | Found a white marble altar of Elyvilon.
  1788 | D:2      | Found an iron altar of Okawaru.
  1916 | D:3      | Noticed Ijyb
  1931 | D:3      | Killed Ijyb
  2038 | D:3      | Reached * piety under Dithmenos
  2064 | D:3      | Reached XP level 5. HP: 27/27 MP: 6/6
  2086 | D:3      | Noticed gw's ghost (amateur FeAr)
  2100 | D:3      | Killed gw's ghost
  2100 | D:3      | Reached skill level 1 in Invocations
  2666 | D:3      | Gained mutation: Your system is resistant to poisons. [potion of mutation]
  2666 | D:3      | Gained mutation: You are occasionally teleported to nearby monsters. [potion of mutation]
  2666 | D:3      | Gained mutation: You have razor-sharp teeth. [potion of mutation]
  2687 | D:4      | Noticed gw's ghost (amateur FeMo)
  2777 | D:4      | Found a glowing golden altar of the Shining One.
  2813 | D:4      | Gained mutation: You heal very quickly. [Vine Stalker growth]
  2813 | D:4      | Reached XP level 6. HP: 23/32 MP: 4/7
  3028 | D:4      | HP: 1/32 [gw's ghost (11)]
  3029 | D:4      | Slain by gw's ghost

Action                   |  1- 3 |  4- 6 || total
-------------------------+-------+-------++-------
Melee: Rapier            |    80 |   149 ||   229
Throw: Stone             |    48 |    76 ||   124
       Tomahawk          |       |     6 ||     6
  Use: Potion            |     2 |     6 ||     8
       Scroll            |     1 |     8 ||     9
 Stab: Sleeping          |     2 |     3 ||     5
       Invisible         |     1 |       ||     1
  Eat: Chunk             |       |     7 ||     7

Vault maps used:
D:1:      tarquinn_simple_flora_water_c, minmay_misc_feat_cross
D:2:      lemuel_round_altar, marbit_many_paths, gammafunk_temple_overflow_claw,
          lemuel_doored_altar, lemuel_round_altar, ecumenical_altar_2,
          grunt_ministairs_10
D:3:      uniq_iyjb
D:4:      lemuel_round_altar
